Map: Queda Cerúlea LE

Players

MacKayA

  • Race: Terran Terran
  • League: Silver
  • Spawn Location: 7:00

Vicster - Winner!

  • Race: Terran Terran
  • League: Gold
  • Spawn Location: 1:00

VOD

Have the link to the VOD?

Description

Time

  • Played on: Jan. 5, 2019, 8:46 a.m.
  • Length: 6:52
Show
View Real Time Build Order
Export as new Build Order

MacKayA Terran 

Build Orders:  

Get SALT Encoding   

  12  0:01  SCV  
  13  0:13  SCV  
  14  0:21  Supply Depot  
  14  0:29  Refinery  
  14  0:33  Refinery  
  14  0:35  SCV  
  15  0:51  Barracks  
  15  0:55  SCV  
  16  1:07  SCV  
  17  1:19  SCV  
  17  1:21  Supply Depot  
  18  1:31  SCV  
  19  1:45  Factory  
  19  1:53  Barracks Reactor  
  19  2:00  SCV  
  20  2:01  Supply Depot  
  20  2:15  SCV  
  21  2:28  SCV  
  22  2:30  Marine x2  
  22  2:32  Factory Tech Lab  
  24  2:37  Starport  
  24  2:47  Orbital Command  
  24  2:51  Marine  
  25  3:03  Marine  
  26  3:06  Siege Tank  
  29  3:14  SCV  
  30  3:24  Marine x2  
  30  3:26  SCV  
  33  3:29  Medivac  
  35  3:35  Supply Depot  
  35  3:42  SCV  
  35  3:43  Marine  
  35  3:44  Marine  
  38  4:03  SCV  
  38  4:05  Command Center  
  39  4:22  Marine, SCV  
  39  4:23  Marine  
  42  4:24  Siege Tank  
  42  4:25  Medivac  
  47  4:37  Supply Depot  
  47  4:46  Engineering Bay  
  47  4:59  SCV, Supply Depot  
  40  5:23  Liberator  
  30  5:36  Marine x2  
  30  5:38  Siege Tank  
  38  5:46  SCV x2  
  40  5:54  Marine  
  40  5:58  SCV x2  
  40  5:59  Marine  
  39  6:10  SCV x2  
Show
View Real Time Build Order
Export as new Build Order

Vicster Terran - Winner!

Build Orders:  

Get SALT Encoding   

  12  0:01  SCV  
  13  0:13  SCV  
  14  0:18  Supply Depot  
  14  0:25  SCV  
  15  0:28  Refinery  
  15  0:39  SCV  
  16  0:46  Barracks  
  16  0:51  SCV  
  17  1:03  SCV  
  18  1:11  Barracks  
  18  1:16  SCV  
  19  1:28  SCV  
  20  1:34  Barracks Reactor  
  20  1:39  Supply Depot  
  20  1:40  Orbital Command  
  20  2:00  Factory  
  20  2:01  Refinery, Barracks Tech Lab  
  20  2:05  SCV  
  21  2:13  Marine  
  22  2:17  SCV  
  22  2:18  Marine  
  24  2:29  SCV  
  25  2:31  Stimpack  
  25  2:32  Marine  
  25  2:35  Marine  
  27  2:41  SCV  
  28  2:48  Supply Depot  
  28  2:49  Marine  
  29  2:53  Marine  
  29  2:54  SCV  
  29  2:55  Factory Tech Lab  
  31  3:01  Starport  
  31  3:10  Marine  
  31  3:11  Marine  
  33  3:15  SCV, Supply Depot  
  34  3:24  Siege Tank  
  38  3:27  SCV  
  38  3:31  Marine  
  39  3:36  Marine  
  39  3:38  Supply Depot  
  39  3:39  SCV  
  41  3:42  Starport Reactor  
  41  3:47  Marine  
  42  3:49  Marine  
  42  3:51  SCV  
  42  3:54  Marine  
  45  4:03  SCV  
  45  4:05  Marine  
  45  4:06  Supply Depot  
  47  4:12  Marine  
  47  4:15  SCV  
  49  4:18  Medivac  
  49  4:19  Medivac  
  49  4:23  Marine  
  54  4:27  SCV  
  54  4:29  Siege Tank  
  58  4:35  Supply Depot  
  58  4:44  Combat Shield  
  58  4:56  SCV  
  59  5:08  SCV  
  60  5:20  SCV  
  61  5:25  Engineering Bay  
  61  5:26  Supply Depot  
  61  5:27  Command Center  
  61  5:29  Supply Depot  
  61  5:32  SCV  
  62  5:44  SCV  
  63  5:56  SCV  
  64  6:24  Marine  
  64  6:25  Marine x2, Hellion  
Tags
 
Matchup
TvT
Race
Terran
Replay Pack
Vicster replay
Spawn Locations
Cross Positions
Add a new tag
Caveats
  • Supply blocks, unpowered buildings, or Contaminate may cause inaccurate times.
  • Supply counts are checked every 10 seconds.